 Dungeon Crawl Stone Soup version 0.23-a0-635-g88ca12a (webtiles) character file.

6 TheGoonsmith the Magician (level 1, 0/13 HPs)
             Began as a Demonspawn Wizard on Dec 27, 2018.
             Slain by a jackal (2 damage)
             ... on level 1 of the Dungeon.
             The game lasted 00:00:59 (299 turns).

TheGoonsmith the Magician (Demonspawn Wizard)        Turns: 299, Time: 00:01:00

Health: 0/13       AC:  2    Str:  7    XL:     1   Next: 75%
Magic:  1/4        EV: 12    Int: 19    God:
Gold:   14         SH:  0    Dex: 11    Spells: 5/6 levels left

rFire    . . .     SeeInvis .   e - +0 dagger
rCold    . . .     Gourm    .   (no shield)
rNeg     . . .     Faith    .   a - +0 robe
rPois    .         Spirit   .   b - +0 hat
rElec    .         Reflect  .   (no cloak)
rCorr    .         Harm     .   (no gloves)
MR       .....                  (no boots)
Stlth    ++........             (no amulet)
HPRegen  0.04/turn              (no ring)
MPRegen  0.09/turn              (no ring)

@: no status effects
A: no striking features
a: no special abilities


You were on level 1 of the Dungeon.
You were not hungry.

You visited 1 branch of the dungeon, and saw 1 of its levels.

You collected 14 gold pieces.

Inventory:

Hand Weapons
 e - a +0 dagger (weapon)
Armour
 a - a +0 robe (worn)
 b - a +0 hat (worn)
Comestibles
 d - 2 rations


   Skills:
 + Level 2.0 Dodging
 - Level 1.7 Stealth
 + Level 3.1 Spellcasting
 + Level 1.3 Conjurations
   Level 1.0 Summonings
   Level 0.8 Translocations


You had 5 spell levels left.
You knew the following spells:

 Your Spells              Type           Power        Failure   Level  Hunger
a - Magic Dart            Conj           #...         9%          1    None

Your spell library contained the following spells:

 Spells                   Type           Power        Failure   Level  Hunger
 Blink                    Tloc           N/A          16%         2    ##.....
 Call Imp                 Summ           #.......     16%         2    ##.....
 Slow                     Hex            #.......     22%         2    ##.....
 Conjure Flame            Conj/Fire      #.......     34%         3    ###....
 Mephitic Cloud           Conj/Pois/Air  #.......     36%         3    ###....


Dungeon Overview and Level Annotations

Branches:
Dungeon (1/15)

Altars:


Message History

Casting: Magic Dart (safe; 9% risk of failure)
Confirm with . or Enter, or press ? or * to list all spells.
You don't have enough magic to cast that spell.
You aren't carrying any potions.
Okay, then.
As you read the scroll labeled NEOMNA LIDECKU, it crumbles to dust.
It is a scroll of identify.
You don't have any unidentified items.
The kobold closely misses you. As you open the door, it creaks loudly!
The kobold barely misses you.
There is an open door here.
You miss the bat. The bat hits you. The jackal closely misses you.
The kobold closely misses you. The jackal bites you.
* * * LOW HITPOINT WARNING * * *
The bat closely misses you. The bat barely misses you. x2
The bat barely misses you. The bat hits you.
* * * LOW HITPOINT WARNING * * *
The bat hits you but does no damage. The jackal bites you.
You die...

###.............#
###................
#.'................
#.#.sl.............
#h###.............#
#####h# ###..h......###
.###...l.# ###K....###
........s# ###.h.......###
.........###..@b.........#
.........#.......≈≈≈......
#.....##.'.....≈≈≈≈≈≈≈....
.........#....≈≈≈≈≈≈≈≈≈...
.........#################
...........Ks..........
..........#b.......#####
..........#.##..........
..........+.............


You could see 2 jackals, a bat and a kobold.

Vanquished Creatures
  A hobgoblin (D:1)
  2 jackals (D:1)
  2 kobolds (D:1)
5 creatures vanquished.

Notes
Turn   | Place    | Note
-------+----------+-------------------------------------------
     0 | D:1      | TheGoonsmith the Demonspawn Wizard began the quest for the
                  | Orb.
     0 | D:1      | Reached XP level 1. HP: 13/13 MP: 4/4
   299 | D:1      | Slain by a jackal

Vault maps used:
D:1:      nzn_arrival_depleted_hourglass

Skill      XL: |  1 |
---------------+----+-----
Dodging        | 2 |  2.0
Stealth        | |  1.7
Spellcasting   | |  3.1
Conjurations   | |  1.3
Summonings     | |  1.0
Translocations | |  0.8

Action                   || total
-------------------------++-------
Melee: Dagger            ||    13
       Unarmed           ||     5
 Cast: Magic Dart        ||    12
  Use: Scroll            ||     1
Armor: Robe              ||    14
Dodge: Dodged            ||    36

Table legend:
 A = Non-vault XP
 B = Vault XP
 C = Vault XP percentage of total XP
 D = Non-vault monster count
 E = Vault monster count
 F = Vault count percentage of total count
                 A         B        C        D         E       F
            +---------+---------+-------+---------+---------+-------
      Total |       9 |       0 |   0.0 |       5 |       0 |   0.0
            +---------+---------+-------+---------+---------+-------
        D:1 |       9 |       0 |   0.0 |       5 |       0 |   0.0
            +---------+---------+-------+---------+---------+-------
